 Dungeon Crawl Stone Soup version 0.30-a0-691-g754fce4c43 (webtiles) character file.

Game seed: 3965713413712326053

4733 Dirtsage the Transmogrifier (level 10, -10/87 HPs)
             Began as an Octopode Transmuter on Jan 19, 2023.
             Was an Elder of the Shining One.
             Mangled by an orc knight
             ... wielding a +0 war axe
              (13 damage)
             ... in a bailey.
             The game lasted 00:19:48 (7334 turns).

Dirtsage the Transmogrifier (Octopode Transmuter)   Turns: 7334, Time: 00:19:49

Health: -10/87     AC: 25    Str: 15    XL:     10   Next: 46%
Magic:  12/13      EV:  2    Int: 19    God:    the Shining One [****..]
Gold:   766        SH:  0    Dex: 14    Spells: 6/13 levels left

rFire   . . .      SeeInvis +      - Unarmed
rCold   . . .      Faith    .    (no shield)
rNeg    + + .      Spirit   .    (helmet currently unavailable)
rPois   +          Reflect  .    e - amulet of regeneration
rElec   .          Harm     .    W - ring of wizardry
rCorr   .          Rampage  .    S - ring of see invisible
Will    .....      NoTele   +    A - +6 ring of strength
Stlth   +                        (no ring)
HPRegen 1.14/turn                (no ring)
MPRegen 0.13/turn                (no ring)
                                 (no ring)
                                 (no ring)

@: tree-form, glowing
A: stationary, stasis, torment immunity, boosted hp, almost no armour,
(amphibious), 8 rings, (camouflage 1), (gelatinous body 1), (nimble swimmer 1),
(tentacles)
a: Renounce Religion, Divine Shield, Cleansing Flame


You were in a bailey.
You worshipped the Shining One.
The Shining One was greatly pleased with you.
You were a tree.
You visited 2 branches of the dungeon, and saw 9 of its levels.
You also visited: Ossuary and Bailey.

You collected 870 gold pieces.
You spent 104 gold pieces at shops.

Inventory:

Missiles
 c - a throwing net
 D - 6 curare-tipped darts
Jewellery
 e - an amulet of regeneration (around neck)
 o - an amulet of guardian spirit
 A - a +6 ring of strength (on tentacle)
 I - a ring of protection from cold
 S - a ring of see invisible (right branch)
 W - a ring of wizardry (left branch)
Wands
 y - a wand of charming (11)
 E - a wand of flame (22)
Scrolls
 d - 2 scrolls of fog
 f - 2 scrolls of poison
 g - 4 scrolls of fear
 h - 2 scrolls of vulnerability
 i - 2 scrolls of identify
 k - 2 scrolls of enchant weapon
 p - 2 scrolls of noise
 s - 2 scrolls of brand weapon
 t - 4 scrolls of teleportation
 u - a scroll of immolation
 x - a scroll of summoning
 B - 2 scrolls of blinking
 F - a scroll of enchant armour {unknown}
Potions
 a - 2 potions of lignification
 b - 4 potions of curing {unknown}
 j - 3 potions of heal wounds {unknown}
 l - 2 potions of mutation {unknown}
 m - 3 potions of flight {unknown}
 n - a potion of resistance
 q - 3 potions of invisibility {unknown}
 r - a potion of attraction
 v - a potion of degeneration {unknown}
 w - a potion of magic
 z - a potion of berserk rage {unknown}
 C - 2 potions of brilliance {unknown}


   Skills:
 - Level 1.0 Fighting
 - Level 2.0 Dodging
 - Level 3.0 Unarmed Combat
 - Level 2.0 Spellcasting
 + Level 10.9 Transmutations
 + Level 10.6 Ice Magic


You had 6 spell levels left.
You knew the following spells:

 Your Spells              Type           Power      Damage    Failure   Level
a - Beastly Appendage     Tmut           86%        N/A       1%          1
b - Wereblood             Tmut           43%        N/A       1%          2
c - Ice Form              Ice/Tmut       42%        N/A       1%          4

Your spell library contained the following spells:

 Spells                   Type           Power      Damage    Failure   Level
 Spider Form              Tmut/Pois      22%        N/A       2%          3
 Blink                    Tloc           2%         N/A       11%         2
 Lesser Beckoning         Tloc           2%         N/A       11%         2
 Momentum Strike          Conj/Tloc      2%         3d8       11%         2
 Malign Gateway           Summ/Tloc      0%         N/A       100%        7
 Summon Horrible Things   Summ           0%         N/A       100%        8


Dungeon Overview and Level Annotations

Branches:
Dungeon (8/15)             Temple (1/1) D:4            Lair (0/5) D:8
Ossuary (visited)          Bailey (1/1)

Altars:
Ashenzari
Cheibriados
Dithmenos
Elyvilon
Gozag
Kikubaaqudgha
Makhleb
Nemelex Xobeh
Okawaru
Qazlal
Ru
Sif Muna
Wu Jian
Xom
The Shining One

Shops:
D:2 :   D:3 *   D:7 ?   D:8 =:


Innate Abilities, Weirdness & Mutations

You are a tree.
Your roots penetrate the ground, keeping you stationary.
You cannot be teleported.
You are immune to unholy pain and torment.
Your maximum health is greatly increased.
You cannot wear most types of armour.
((You are amphibious.))
You can wear up to eight rings at the same time.
((Your skin changes colour to match your surroundings (Stealth+).))
((Your rubbery body absorbs attacks. (AC +1, EV +1)))
((You are camouflaged when in or above water. (Stealth+)))
((You have tentacles for arms and can constrict up to eight enemies at once.))


Message History

The orc warrior is lightly wounded.
Your primal bloodlust is almost over.
You block the orc knight's attack.
The orc warrior hits you with a +0 war axe!
You take 7 damage, and have 46/87 hp.
You smack the orc knight!
The orc knight is moderately wounded.
The orc knight hits you but does no damage.
The orc warrior barely misses you.
You smack the orc knight!
You punch the orc knight.
The orc knight is heavily wounded.
The orc knight hits you with a +0 war axe.
The orc warrior hits you with a +0 war axe.
You take 7 damage, and have 40/87 hp.
You hit the orc knight.
The orc knight is heavily wounded.
The orc knight hits you with a +0 war axe!
The orc warrior hits you with a +0 war axe!
* * * LOW HITPOINT WARNING * * *
You take 23 damage, and have 17/87 hp.
MASSIVE DAMAGE!!
You hit the orc knight but do no damage.
The orc knight is heavily wounded.
You smack the orc knight!
The orc knight is severely wounded.
You block the orc knight's attack.
The orc warrior hits you with a +0 war axe!
* * * LOW HITPOINT WARNING * * *
You take 6 damage, and have 12/87 hp.
You hit the orc knight but do no damage.
The orc knight is severely wounded.
Your divine shield fades away.
The orc knight hits you but does no damage.
The orc warrior hits you with a +0 war axe!
* * * LOW HITPOINT WARNING * * *
You take 10 damage, and have 2/87 hp.
You smack the orc knight!
The orc knight is almost dead.
Your primal bloodlust has ended.
The orc knight hits you with a +0 war axe!
You die...

#.###~~.......~~###.#
#....~~.......~~....#
#####~~.......~~#####
##~.......~##
####'''#### ##.....##
#∩?....∩# #...8...#
##.♣o..## ###o### K.#
.... ..... .......
....... .......


You could see an orc knight, an orc warrior (strong) and a kobold brigand.

Vanquished Creatures
  2 slime creatures (D:5)
  A wraith (Ossuary)
  A wyvern (D:8)
  A steam dragon (D:7)
  A water moccasin (D:7)
  3 ice beasts
  3 black bears (D:6)
  7 orc warriors
  An ogre (D:4)
  8 kobold brigands
  A phantom (D:6)
  3 bullfrogs
  A necrophage (D:6)
  A gnoll sergeant (D:6)
  5 scorpions
  3 wights
  4 killer bees (D:8)
  A howler monkey (D:7)
  A hound (D:6)
  A jelly (D:5)
  5 orc priests
  5 iguanas
  8 orc wizards
  2 mummies
  Robin (D:2)
  6 gnolls
  16 adders
  3 shadow imps
  2 white imps
  An ufetubus (D:5)
  3 worms
  A dart slug (D:1)
  32 orcs
  11 endoplasms
  2 giant cockroaches (D:1)
  23 goblins
  2 hobgoblins
  3 jackals (D:4)
  15 kobolds
  6 quokkas
  11 ball pythons
  9 bats
  3 frilled lizards
  6 gnoll skeletons (Ossuary)
  6 kobold skeletons (Ossuary)
  13 orc skeletons (Ossuary)
  6 rats
250 creatures vanquished.

Vanquished Creatures (others)
  An adder (D:5)
  8 demonic plants (D:2)
  12 fungi
  8 plants (D:2)
  8 toadstools (D:5)
  8 withered plants (D:2)
45 creatures vanquished.

Grand Total: 295 creatures vanquished

Notes
Turn   | Place    | Note
-------+----------+-------------------------------------------
     0 | D:1      | Dirtsage the Octopode Transmuter began the quest for the
                  | Orb.
     0 | D:1      | Reached XP level 1. HP: 13/13 MP: 3/3
   268 | D:1      | Reached skill level 1 in Ice Magic
   268 | D:1      | Reached XP level 2. HP: 13/18 MP: 5/5
   813 | D:2      | Reached XP level 3. HP: 23/23 MP: 4/6
   822 | D:2      | Noticed Robin
   833 | D:2      | Learned a level 2 spell: Wereblood
   840 | D:2      | Killed Robin
   841 | D:2      | Reached XP level 4. HP: 22/28 MP: 4/7
   897 | D:2      | Learned a level 4 spell: Ice Form
   957 | D:2      | Found Xexetah's Book Shoppe.
   989 | D:2      | Found a faded altar of an unknown god.
  1911 | D:3      | Reached XP level 5. HP: 33/33 MP: 4/8
  2376 | D:3      | Found Ollepoz's Assorted Antiques.
  2392 | D:3      | Bought a scroll labelled UCIAKHL RAANGU for 24 gold pieces
  2392 | D:3      | Bought a scroll labelled HEIBUA RE ICHO for 24 gold pieces
  2397 | D:3      | Acquired 464 gold pieces
  2673 | D:4      | Reached XP level 6. HP: 38/38 MP: 7/9
  2699 | D:4      | Found a staircase to the Ecumenical Temple.
  3001 | D:4      | Reached skill level 5 in Transmutations
  3080 | D:4      | Reached XP level 7. HP: 43/43 MP: 5/10
  3125 | D:4      | Reached skill level 5 in Ice Magic
  3366 | Temple   | Entered the Ecumenical Temple
  3399 | Temple   | Became a worshipper of the Shining One
  3723 | D:5      | Entered Level 5 of the Dungeon
  3791 | D:5      | Found a sand-covered staircase.
  3804 | D:5      | Reached XP level 8. HP: 31/48 MP: 11/11
  3821 | Ossuary  | Entered an ossuary
  3821 | Ossuary  | Noticed a wraith
  3821 | Ossuary  | Noticed a wraith
  3821 | Ossuary  | Noticed a wraith
  3824 | Ossuary  | Reached * piety under the Shining One
  3892 | Ossuary  | Noticed a wraith
  3914 | Ossuary  | Killed a wraith
  3997 | Ossuary  | Reached ** piety under the Shining One
  4539 | D:5      | Saving game... please wait.
  4550 | D:5      | Noticed a slime creature
  4568 | D:5      | Killed a slime creature
  4951 | D:5      | Noticed a slime creature
  4963 | D:5      | Killed a slime creature
  4964 | D:5      | Reached XP level 9. HP: 39/53 MP: 7/12
  5176 | D:6      | Reached *** piety under the Shining One
  5739 | D:6      | Identified the +1 leather armour of Guptenk {rF- rN+++
                  | Will+}
  6460 | D:7      | Found Atacazo's Magic Scroll Shop.
  6463 | D:7      | Bought a scroll of identify for 28 gold pieces
  6463 | D:7      | Bought a scroll of identify for 28 gold pieces
  6489 | D:7      | Reached skill level 10 in Transmutations
  6489 | D:7      | Reached XP level 10. HP: 41/58 MP: 8/13
  6491 | D:7      | HP: 1/69 [orc warrior/bolt (21)]
  6745 | D:8      | Reached skill level 10 in Ice Magic
  6747 | D:8      | Reached **** piety under the Shining One
  6843 | D:8      | Found Munti's Book Emporium.
  6942 | D:8      | Found a staircase to the Lair.
  6970 | D:8      | Found Dirydgh's Jewellery Shoppe.
  7082 | D:8      | Found a flagged portal.
  7095 | Bailey   | Entered a bailey
  7300 | Bailey   | Noticed an orc knight
  7333 | Bailey   | HP: 2/87 [orc warrior/+0 war axe (11)]
  7334 | Bailey   | Mangled by an orc knight

Illustrated notes

Levels and vault maps discovered:
D:1:      amcnicky_arrival_abandoned_market, layout_loops_cross,
          wander_ebering_terrifying_dragon_lair
D:2:      layout_basic, serial_shops, nicolae_shop_hallway_stairs,
          shapermc_ecumenical_altar_gd, uniq_robin
D:3:      minmay_spotlight, layout_loops_cross, serial_shops,
          nicolae_shop_crystal, nicolae_concentric_dashed_squares_mild,
          nrook_mini_vaults, saegor_snake_ambush
D:4:      layout_basic, minmay_temple_entry_wispy,
          amcnicky_mini_rare_corridor_liquid, minmay_fractal_squares_gapless_5
D:5:      cheibrodos_fertilizer, layout_rooms, gup_ossuary_entry_pyramid,
          minmay_misc_feat_rugged, lemuel_flamethrower_2
D:6:      black_bear_nest_1, layout_basic, st_stairs_4, minmay_curled_crystal
D:7:      layout_rooms, serial_shops, kennysheep_mini_moat
D:8:      layout_loops_ring, nicolae_overflow_hidden_temple, lair_entry_dummy,
          serial_shops, shop, nicolae_stop_n_shop_1, shop_fountains,
          nicolae_diamond_shop, kennysheep_mini, enter_bailey_3
Temple:   nicolae_temple_the_god_donut
Bailey:   bailey_axe_3, bailey

Skill      XL: |  1  2  3  4  5  6  7  8  9 10 |
---------------+-------------------------------+-----
Ice Magic      | 1 2 3 4 6 7 9 10 | 10.6
Transmutations | 3 4 5 6 8 10 | 10.9
Fighting       | |  1.0
Dodging        | |  2.0
Unarmed Combat | |  3.0
Spellcasting   | |  2.0

Action                   |  1- 3 |  4- 6 |  7- 9 | 10-12 || total
-------------------------+-------+-------+-------+-------++-------
Melee: Unarmed           |    56 |   142 |   322 |   122 ||   642
       Constrict         |    13 |    28 |     7 |     1 ||    49
       Tentacles         |    10 |    17 |     4 |     1 ||    32
       Kick              |     8 |    23 |     2 |       ||    33
       Punch             |     2 |     1 |     1 |     1 ||     5
 Cast: Beastly Appendage |     8 |    13 |     3 |     2 ||    26
       Wereblood         |     1 |     1 |    12 |     5 ||    19
       Ice Form          |       |     7 |    29 |     8 ||    44
Invok: Divine Shield     |       |       |       |     1 ||     1
  Use: Scroll            |       |     6 |     9 |       ||    15
       Potion            |       |       |     1 |     2 ||     3
 Stab: Sleeping          |     5 |     7 |       |       ||    12
Armor: Skin              |     5 |    20 |   140 |    57 ||   222
Dodge: Dodged            |    28 |    76 |   125 |    70 ||   299
Block: Other             |       |       |       |    10 ||    10

Table legend: (Time is in decaauts)
 A = Elapsed time spent in this place.
 B = Non-inter-level travel time spent in this place.
 C = Inter-level travel time spent in this place.
 D = Time resting spent in this place.
 E = Time spent auto-exploring this place.
 F = Levels seen in this place.
 G = Mean time per level.
                   A        B        C        D        E       F      G
               +--------+--------+--------+--------+--------+-----+--------+
         Total |   7328 |   6966 |    362 |     82 |   5216 |  11 |  666.2 |
       Dungeon |   6667 |   6330 |    337 |     82 |   4856 |   8 |  833.4 |
        Temple |     59 |     34 |     25 |      0 |     10 |   1 |   59.0 |
       Ossuary |    366 |    366 |      0 |      0 |    236 |   1 |  366.0 |
        Bailey |    235 |    235 |      0 |      0 |    114 |   1 |  235.0 |
               +--------+--------+--------+--------+--------+-----+--------+

Top non-repeatable levels by time:
     D:6: 1124 daAuts
     D:4: 1102 daAuts
     D:5: 987 daAuts
     D:2: 974 daAuts
     D:3: 828 daAuts
     D:1: 790 daAuts
     D:7: 578 daAuts
 Ossuary: 366 daAuts
     D:8: 282 daAuts
  Bailey: 235 daAuts
  Temple: 59 daAuts
